 Dungeon Crawl Stone Soup version 0.29.1-2-gbd0b4ee654 (webtiles) character file.

Game seed: 4552496038085189236

1065 GeoRichter the Cutter (level 8, -6/44 HPs)
             Began as a Vine Stalker Fighter on Nov 19, 2022.
             Mangled by an ogre
             ... wielding a +0 giant spiked club
              (20 damage)
             ... on level 5 of the Dungeon.
             The game lasted 00:06:38 (5089 turns).

GeoRichter the Cutter (Vine Stalker Fighter)        Turns: 5089, Time: 00:06:38

Health: -6/44      AC: 12    Str: 20    XL:     8   Next: 27%
Magic:  0/9        EV:  5    Int:  8    God:
Gold:   112        SH:  5    Dex: 15    Spells: 7/7 levels left

rFire   . . .      SeeInvis .   d - +2 dagger (vamp) {!w}
rCold   + . .      Faith    .   c - +0 buckler
rNeg    . . .      Spirit   +   k - +0 plate armour
rPois   .          Reflect  .   (no helmet)
rElec   .          Harm     .   (no cloak)
rCorr   .          Rampage  .   h - +0 pair of gloves
Will    +....                   (no boots)
Stlth   ..........              (no amulet)
HPRegen 0.94/turn               y - ring of protection from cold
MPRegen 0.11/turn               (no ring)

@: no status effects
A: fangs 3, regeneration 1, magic shield, antimagic bite, no potion heal 2
a: no special abilities


You were on level 5 of the Dungeon.
You visited 1 branch of the dungeon, and saw 5 of its levels.

You collected 200 gold pieces.
You spent 88 gold pieces at shops.

Inventory:

Hand Weapons
 a - a +0 rapier
 d - a +2 vampiric dagger (weapon) {!w}
   (You took it off an orc wizard on level 5 of the Dungeon)
 q - a +2 falchion of flaming
   (You found it on level 2 of the Dungeon)
Missiles
 o - 4 javelins (quivered)
Armour
 b - a +0 scale mail
 c - a +0 buckler (worn)
 h - a +0 pair of gloves (worn)
   (You found it on level 1 of the Dungeon)
 k - a +0 plate armour (worn)
   (You found it on level 1 of the Dungeon)
 n - a +0 hat
   (You found it on level 2 of the Dungeon)
Jewellery
 y - a ring of protection from cold (left hand)
   (You found it on level 5 of the Dungeon)
Wands
 e - a wand of paralysis (9)
   (You took it off Ijyb on level 4 of the Dungeon)
 u - a wand of iceblast (7)
   (You found it on level 3 of the Dungeon)
Scrolls
 f - 2 scrolls of enchant weapon {unknown}
 g - 2 scrolls of blinking {unknown}
 j - a scroll of brand weapon {unknown}
 l - 2 scrolls of teleportation {@r4}
 r - 2 scrolls of magic mapping
 s - 2 scrolls of poison {!r}
 x - a scroll of torment {unknown}
 B - a scroll of fear {unknown}
 C - a scroll of identify {@r1}
 D - a scroll of amnesia {unknown}
Potions
 i - a potion of magic
 m - a potion of resistance {unknown}
 p - a potion of curing {unknown}
 t - a potion of heal wounds {unknown}
 v - a potion of flight {unknown}
 w - a potion of invisibility
 z - a potion of attraction {unknown}
 A - a potion of mutation {unknown}


   Skills:
 + Level 5.6 Fighting
 * Level 7.2 Short Blades
 - Level 2.4 Armour
 - Level 2.6 Shields


You had 7 spell levels left.
You didn't know any spells.
Your spell library contained the following spells:

 Spells                   Type           Power      Damage    Failure   Level
 Summon Guardian Golem    Hex/Summ       0%         N/A       100%        3
 Animate Dead             Necr           0%         N/A       100%        4
 Cause Fear               Hex            0%         N/A       100%        4
 Dragon Form              Tmut           0%         N/A       100%        7
 Haunt                    Necr/Summ      0%         N/A       100%        7
 Orb of Destruction       Conj           0%         9d5       100%        7
 Spellforged Servitor     Conj/Summ      0%         N/A       100%        7
 Infestation              Necr           0%         N/A       100%        8
 Dragon's Call            Summ           0%         N/A       100%        9


Dungeon Overview and Level Annotations

Branches:
Dungeon (5/15) Zot: 24901
 Temple: D:4-7

Altars:
Cheibriados
Kikubaaqudgha

Shops:
D:4 [!

Annotations:
D:3 1 runed translucent door


Innate Abilities, Weirdness & Mutations

You have razor-sharp teeth.
Your natural rate of healing is unusually fast.
When hurt, damage is shared between your health and your magic reserves.
Your bite disrupts and absorbs the magic of your enemies.
Potions cannot restore your health.


Message History

You see here a worm corpse.
A worm comes into view.
A worm is nearby!
A worm is nearby!
A worm is nearby!
An adder comes into view.
The adder hisses angrily.
You hit the worm. Your bite misses the worm. You hit the worm.
The worm barely misses you.
You hit the worm. You bite the worm. You drain its power. You hit the worm.
You hit the worm. You bite the worm.
You kill the worm!
You hit the adder. Your bite misses the adder. The adder barely misses you.
You hit the adder. You bite the adder. You drain its power.
The adder bites you but does no damage.
You closely miss the adder. Your bite misses the adder.
The adder closely misses you.
You completely miss the adder. Your bite misses the adder.
The adder bites you but does no damage.
You miss the adder. You bite the adder.
You kill the adder!
No target in view!
You see here a worm corpse.
Found a scroll labelled JUTSUE IZXI.
D - a scroll labelled JUTSUE IZXI
Found a leather armour.
Found an escape hatch in the ceiling.
You see here a +0 leather armour.
There is an escape hatch in the ceiling here.
An ogre comes into view. It is wielding a +0 giant spiked club.
The ogre shouts!
You hear a bark!
An ogre is nearby!
An ogre is nearby!
You hit the ogre.
The ogre hits you with a +0 giant spiked club.
You hit the ogre.
You feel better.
You bite the ogre. You drain its power.
You feel invigorated.
You hit the ogre but do no damage. You bite the ogre. You drain its power.
The ogre hits you with a +0 giant spiked club!
You hit the ogre but do no damage. You bite the ogre. You drain its power.
You feel invigorated.
You hit the ogre.
You feel better.
You bite the ogre! You drain its power.
The ogre hits you with a +0 giant spiked club!!
Ouch! That really hurt!
* * * LOW HITPOINT WARNING * * *
You barely miss the ogre. Your bite misses the ogre. You hit the ogre.
You feel better.
The ogre hits you with a +0 giant spiked club!!
You die...

#.......#
#######.#
#.# #.# #
#####.#
#.#.#.#.##
.........#
#.#.#.#.#.##
......O@...#
#.#.#.#.#.##
........#
#.#.#.#.##
#########


You could see an ogre.

Vanquished Creatures
  Sigmund (D:5)
  2 ogres (D:5)
  A centaur (D:3)
  The ghost of kalagan the Conjurer, an amateur DECj (D:3)
  A bullfrog (D:3)
  A scorpion (D:4)
  A jelly (D:5)
  An orc priest (D:3)
  An iguana (D:4)
  Terence (D:3)
  Ijyb (D:4)
  4 orc wizards
  15 adders
  4 worms
  3 dart slugs
  12 orcs
  8 ball pythons
  5 endoplasms
  4 giant cockroaches
  4 goblins
  5 hobgoblins
  3 jackals (D:2)
  5 kobolds
  3 quokkas
  6 bats
  4 frilled lizards
  7 rats
104 creatures vanquished.

Notes
Turn   | Place    | Note
-------+----------+-------------------------------------------
     0 | D:1      | GeoRichter the Vine Stalker Fighter began the quest for the
                  | Orb.
     0 | D:1      | Reached XP level 1. HP: 11/11 MP: 2/2
   228 | D:1      | Reached skill level 2 in Short Blades
   414 | D:1      | Reached XP level 2. HP: 15/16 MP: 3/3
  1315 | D:1      | Reached XP level 3. HP: 16/20 MP: 2/4
  1685 | D:2      | Reached skill level 3 in Short Blades
  2179 | D:2      | Found a faded altar of an unknown god.
  2263 | D:2      | Gained mutation: Your natural rate of healing is unusually
                  | fast. [Vine Stalker growth]
  2263 | D:2      | Reached XP level 4. HP: 24/24 MP: 5/5
  2895 | D:3      | Reached XP level 5. HP: 28/28 MP: 6/6
  2896 | D:3      | Noticed a centaur
  2905 | D:3      | Killed a centaur
  2906 | D:3      | Reached skill level 4 in Short Blades
  2934 | D:3      | Noticed Terence
  2969 | D:3      | Killed Terence
  2970 | D:3      | Reached XP level 6. HP: 24/33 MP: 5/7
  3092 | D:3      | Found a snail-covered altar of Cheibriados.
  3220 | D:3      | Found a runed translucent door.
  3222 | D:3      | Noticed kalagan's ghost (amateur DECj)
  3296 | D:3      | Found a runed translucent door.
  3696 | D:3      | Reached skill level 5 in Short Blades
  3718 | D:3      | Killed kalagan's ghost
  3719 | D:3      | Reached XP level 7. HP: 37/38 MP: 6/8
  3900 | D:4      | Noticed Ijyb
  3922 | D:4      | Paralysed by Ijyb for 4 turns
  3928 | D:4      | Killed Ijyb
  4035 | D:4      | Reached skill level 6 in Short Blades
  4215 | D:4      | Found Koar's Distillery.
  4227 | D:4      | Bought a potion of invisibility for 88 gold pieces
  4540 | D:4      | Found Hatemeots's Armour Emporium.
  4666 | D:5      | Entered Level 5 of the Dungeon
  4705 | D:5      | Reached skill level 5 in Fighting
  4900 | D:5      | Noticed Sigmund
  4908 | D:5      | Killed Sigmund
  4909 | D:5      | Reached skill level 7 in Short Blades
  4909 | D:5      | Gained mutation: You have razor-sharp teeth. [Vine Stalker
                  | growth]
  4909 | D:5      | Reached XP level 8. HP: 44/44 MP: 9/9
  4919 | D:5      | Found an ancient bone altar of Kikubaaqudgha.
  5089 | D:5      | Mangled by an ogre

Illustrated notes

Levels and vault maps discovered:
D:1:      onia_arrival_pyramid, layout_basic
D:2:      layout_basic, ebering_ecumenical_altar_rust, minivault_25,
          grunt_ministairs_14, chequers_serial_rivers_micro_a
D:3:      layout_basic, mainiacjoe_overflow_concentric_impassable,
          ebering_ghost_sewer_f, uniq_terence
D:4:      layout_basic, serial_shops, nicolae_shop_advertising_works
          [nicolae_subvault_shop_adworks], nicolae_shop_trees, uniq_ijyb
D:5:      layout_loops_corners, mainiacjoe_overflow_catch_the_wave,
          minmay_temple_entry_statues_pillars, st_stairs_12, uniq_sigmund

Skill      XL: |  1  2  3  4  5  6  7 |
---------------+----------------------+-----
Short Blades   | 2 3 4 5 7 |  7.2
Fighting       | 3 4 5 |  5.6
Armour         | |  2.4
Shields        | |  2.6

Action                   |  1- 3 |  4- 6 |  7- 9 || total
-------------------------+-------+-------+-------++-------
Melee: Rapier            |    98 |   170 |   158 ||   426
       Bite              |    21 |    43 |    45 ||   109
       Dagger            |       |       |    25 ||    25
Throw: Javelin           |       |       |     4 ||     4
  Use: Scroll            |       |       |     4 ||     4
       Potion            |       |       |     1 ||     1
Armor: Scale mail        |    19 |       |       ||    19
       Plate armour      |    30 |   109 |    80 ||   219
Dodge: Dodged            |    24 |    35 |    24 ||    83
Block: Buckler           |    25 |    36 |    19 ||    80
